 Dungeon Crawl Stone Soup version 0.29.1-1-gd02db6906a (webtiles) character file.

Game seed: 7426127699971204556

488 safid the Skirmisher (level 6, -3/51 HPs)
             Began as a Minotaur Hunter on Oct 18, 2022.
             Slain by an ogre
             ... wielding a +0 giant spiked club
              (23 damage)
             ... on level 4 of the Dungeon.
             The game lasted 00:05:14 (3746 turns).

safid the Skirmisher (Minotaur Hunter)              Turns: 3746, Time: 00:05:15

Health: -3/51      AC:  6    Str: 15    XL:     6   Next: 90%
Magic:  5/5        EV: 10    Int:  6    God:
Gold:   101        SH:  0    Dex: 16    Spells: 5/5 levels left

rFire   . . .      SeeInvis .   a - +0 shortbow
rCold   . . .      Faith    .   (shield currently unavailable)
rNeg    . . .      Spirit   .   k - +0 scale mail
rPois   .          Reflect  .   (helmet restricted)
rElec   .          Harm     .   (no cloak)
rCorr   .          Rampage  .   (no gloves)
Will    .....                   (no boots)
Stlth   ..........              l - amulet of regeneration
HPRegen 0.97/turn               (no ring)
MPRegen 0.09/turn               (no ring)

@: no status effects
A: horns 2, retaliatory headbutt
a: no special abilities


You were on level 4 of the Dungeon.
You visited 1 branch of the dungeon, and saw 4 of its levels.

You collected 101 gold pieces.

Inventory:

Hand Weapons
 a - a +0 shortbow (weapon)
Armour
 k - a +0 scale mail (worn)
Jewellery
 l - an amulet of regeneration (around neck)
Wands
 c - a wand of mindburst (4)
Scrolls
 b - 2 scrolls of immolation
 d - 3 scrolls of amnesia {unknown}
 f - 2 scrolls of poison {unknown}
 g - 3 scrolls of identify {unknown}
 h - a scroll of blinking {unknown}
Potions
 e - a potion of might {unknown}
 i - 2 potions of curing {unknown}
 j - a potion of degeneration {unknown}
 m - a potion of haste {unknown}
 n - a potion of mutation {unknown}
 o - a potion of ambrosia {unknown}


   Skills:
 - Level 3.0 Fighting
 + Level 9.0 Ranged Weapons
 - Level 2.1 Dodging
 - Level 0.7 Stealth


You had 5 spell levels left.
You didn't know any spells.
Your spell library contained the following spells:

 Spells                   Type           Power      Damage    Failure   Level
 Foxfire                  Conj/Fire      0%         2x1d4     91%         1
 Freeze                   Ice            0%         1d3       91%         1
 Necrotise                Necr           0%         1d4       91%         1
 Sandblast                Erth           0%         2d4       91%         1
 Passwall                 Tmut/Erth      0%         N/A       97%         2
 Scorch                   Fire           0%         2d5       97%         2
 Conjure Flame            Conj/Fire      0%         6-21      99%         3
 Frozen Ramparts          Ice            0%         1d1       99%         3
 Inner Flame              Hex/Fire       0%         N/A       99%         3
 Stone Arrow              Conj/Erth      0%         3d7       99%         3
 Summon Guardian Golem    Hex/Summ       0%         N/A       99%         3
 Vampiric Draining        Necr           0%         2d6       99%         3
 Flame Wave               Conj/Fire      0%         2d4       100%        4
 Hailstorm                Conj/Ice       0%         3d3       100%        4
 Agony                    Necr           0%         N/A       100%        5
 Summon Cactus Giant      Summ           0%         N/A       100%        6
 Orb of Destruction       Conj           0%         9d5       100%        7
 Spellforged Servitor     Conj/Summ      0%         N/A       100%        7


Dungeon Overview and Level Annotations

Branches:
Dungeon (4/15)
 Temple: D:4-7

Altars:
Elyvilon
Xom

Annotations:
D:2 1 runed translucent door, Crazy Yiuf


Innate Abilities, Weirdness & Mutations

You have a pair of horns on your head.
You reflexively headbutt those who attack you in melee.


Message History

There is a stone staircase leading up here.
o - a white potion
Found an escape hatch in the ceiling.
Found a stone staircase leading down.
Found an escape hatch in the floor.
A goblin comes into view. It is wielding a +0 dagger.
The goblin shouts!
A worm comes into view.
You see here 8 gold pieces.
You shoot an arrow.
The arrow hits the worm but does no damage.
An ogre comes into view. It is wielding a +0 giant spiked club.
You shoot an arrow. The ogre shouts!
The arrow hits the worm.
The worm is lightly wounded.
You shoot an arrow. The arrow hits the worm.
The worm is moderately wounded.
You shoot an arrow. The arrow hits the worm.
The worm is severely wounded.
You shoot an arrow. The arrow hits the goblin!
You kill the goblin!
You shoot an arrow. The arrow hits the worm!
You kill the worm!
You shoot an arrow.
The arrow hits the ogre but does no damage.
The ogre closely misses you. You furiously retaliate!
You headbutt the ogre. You shoot an arrow. The arrow hits the ogre.
The ogre is lightly wounded.
The ogre hits you with a +0 giant spiked club!!
Ouch! That really hurt!
You are too injured to fight recklessly!
You are too injured to fight recklessly!
You are too injured to fight recklessly!
Fire: a) +0 shortbow
Press: ? - help, Q - select action, (/) - cycle Shift-Dir - straight line, f/p - ogre
Aim: an ogre, wielding a +0 giant spiked club (lightly wounded, 78% to hit)
You shoot an arrow. The arrow barely misses the ogre.
The ogre hits you with a +0 giant spiked club!!
You die...

....#. #.#.#
....#.##.#.######
.................
.
#.#...........#.
..#.#....#.####.#
.........#.#...
..
..#...........#
.........#.....
......<@O......
......)#†######
...........
....... .....
..>.... .#####
...>... ..
....... .#
..#..## .#


You could see an ogre.

Vanquished Creatures
  Sigmund (D:3)
  2 jellies (D:3)
  An orc priest (D:3)
  Terence (D:2)
  Natasha (thrice) (D:3)
  A hound zombie (D:3)
  A scorpion simulacrum (D:3)
  An adder (D:2)
  An adder skeleton (D:3)
  3 adder zombies (D:3)
  5 worms
  A dart slug (D:2)
  7 orcs
  9 ball pythons
  5 endoplasms
  A giant cockroach (D:2)
  6 goblins
  6 hobgoblins
  An iguana (D:3)
  4 jackals (D:3)
  2 quokkas
  5 bats
  3 frilled lizards
  6 kobolds
  9 rats
85 creatures vanquished.

Vanquished Creatures (others)
  A quokka (D:3)
  21 withered plants (D:3)
22 creatures vanquished.

Grand Total: 107 creatures vanquished

Notes
Turn   | Place    | Note
-------+----------+-------------------------------------------
     0 | D:1      | safid the Minotaur Hunter began the quest for the Orb.
     0 | D:1      | Reached XP level 1. HP: 18/18 MP: 0/0
   112 | D:1      | Reached XP level 2. HP: 26/26 MP: 1/1
   328 | D:1      | Found a faded altar of an unknown god.
   384 | D:1      | Reached skill level 5 in Ranged Weapons
   516 | D:2      | Reached XP level 3. HP: 16/31 MP: 2/2
   738 | D:2      | Found a runed translucent door.
   739 | D:2      | Noticed Crazy Yiuf
   921 | D:2      | Noticed Terence
   937 | D:2      | Killed Terence
   938 | D:2      | Reached skill level 6 in Ranged Weapons
   938 | D:2      | Reached XP level 4. HP: 13/38 MP: 3/3
  2205 | D:3      | Noticed Sigmund
  2220 | D:2      | Reached XP level 5. HP: 19/45 MP: 4/4
  2970 | D:3      | Killed Sigmund
  2971 | D:3      | Reached skill level 8 in Ranged Weapons
  2971 | D:3      | Reached XP level 6. HP: 51/51 MP: 5/5
  3027 | D:3      | Noticed Natasha
  3043 | D:3      | Killed Natasha
  3074 | D:3      | Noticed Natasha
  3083 | D:3      | Killed Natasha
  3299 | D:3      | Found a white marble altar of Elyvilon.
  3333 | D:3      | Noticed Natasha
  3348 | D:3      | Killed Natasha
  3549 | D:3      | Found a shimmering altar of Xom.
  3577 | D:3      | Reached skill level 9 in Ranged Weapons
  3673 | D:3      | Found the +4 dagger "Morg" {pain, Will+ Int+5}
  3746 | D:4      | Slain by an ogre

Illustrated notes

Levels and vault maps discovered:
D:1:      wander_arrival_desolate, layout_rooms,
          hellmonk_ecumenical_altar_inner_sanctum
D:2:      layout_loops_cross, uniq_crazy_yiuf_cottage, uniq_terence
D:3:      layout_basic, dk_xom_monty_hall, elyvilon_altar_4,
          dilly_guarded_unrand_morg, uniq_sigmund
D:4:      layout_basic, enter_ossuary_4, nicolae_shop_gadgets, uniq_duvessa

Skill      XL: |  1  2  3  4  5  6 |
---------------+-------------------+-----
Fighting       | 3 |  3.0
Ranged Weapons | 5 6 8 9 |  9.0
Dodging        | |  2.1
Stealth        | |  0.7

Action                   |  1- 3 |  4- 6 || total
-------------------------+-------+-------++-------
 Fire: Shortbow          |   100 |   195 ||   295
Armor: Leather armour    |     8 |     9 ||    17
       Scale mail        |       |    16 ||    16
Dodge: Dodged            |    23 |    63 ||    86
